TOP OF THE 1ST |
Chattanooga Lookouts batting - Pitching for New Hampshire Fisher Cats : RHP Dan Korte
|
Pitching: RHP Dan Korte
|
|
Batting: RHB Cyril Husson
|
0-0: Ball 1-0: Swinging Strike 1-1: Ball 2-1: Ground out 4-3 (Groundball, 4S, EV 89.4 MPH)
|
Batting: SHB Ian Thompson
|
0-0: Ball 1-0: Swinging Strike 1-1: Foul Ball, location: 2F 1-2: Strikes out swinging
|
Batting: RHB Miguel Gonzalez
|
0-0: Foul Ball, location: 2F 0-1: Ball 1-1: Ball 2-1: Swinging Strike 2-2: Ball 3-2: Base on Balls
|
Batting: SHB Dan Morataya
|
0-0: Called Strike 0-1: Ball 1-1: Called Strike Miguel Gonzalez steals 2nd base 1-2: Ball 2-2: Ground out U3 (Groundball, 3L, EV 101.9 MPH)
|
Top of the 1st over - 0 runs, 0 hits, 0 errors, 1 left on base; Chattanooga 0 - New Hampshire 0 |
BOTTOM OF THE 1ST |
New Hampshire Fisher Cats batting - Pitching for Chattanooga Lookouts : RHP Matt Springer
|
Pitching: RHP Matt Springer
|
|
Batting: RHB Frank Caulfield
|
0-0: Called Strike 0-1: Fly out, F9 (Flyball, 89M, EV 90.0 MPH)
|
Batting: SHB Tristan Dearing
|
0-0: Called Strike 0-1: Ground out 5-3 (Groundball, 56, EV 103.8 MPH)
|
Batting: SHB Dominik Hasek II
|
0-0: Called Strike 0-1: Called Strike 0-2: Ball 1-2: Ball 2-2: Ball 3-2: Strikes out swinging
|
Bottom of the 1st over - 0 runs, 0 hits, 0 errors, 0 left on base; Chattanooga 0 - New Hampshire 0 |
TOP OF THE 2ND |
Chattanooga Lookouts batting - Pitching for New Hampshire Fisher Cats : RHP Dan Korte
|
Batting: RHB Michael McDonald
|
0-0: Foul Ball, location: 2F 0-1: Ball 1-1: Swinging Strike 1-2: Foul Ball, location: 2F 1-2: Strikes out swinging
|
Batting: RHB Steve Raine
|
0-0: Swinging Strike 0-1: Foul Ball, location: 2F 0-2: Foul Ball, location: 2F 0-2: Foul Ball, location: 2F 0-2: DOUBLE (Flyball, 78D, EV 106.2 MPH)
|
Batting: RHB Jose Gracia
|
0-0: SINGLE (Line Drive, 9LS, EV 112.5 MPH) Steve Raine to third
|
Batting: RHB Dave Berry
|
0-0: Foul Ball, location: 2F 0-1: Called Strike 0-2: Strikes out swinging
|
Batting: RHB Jorge Corte
|
0-0: Ball 1-0: Foul Ball, location: 2F 1-1: Ball 2-1: Ball 3-1: DOUBLE (Line Drive, 78D, EV 110.0 MPH) Steve Raine scores Jose Gracia to third Runner from 3rd tries for Home, SAFE, throw by CF to home
|
Batting: RHB Cyril Husson
|
0-0: Ball 1-0: Foul Ball, location: 2F 1-1: Called Strike 1-2: Ball 2-2: Foul Ball, location: 2F 2-2: Ball 3-2: Ground out U3 (Groundball, 3S, EV 80.0 MPH)
|
Top of the 2nd over - 2 runs, 3 hits, 0 errors, 1 left on base; Chattanooga 2 - New Hampshire 0 |
BOTTOM OF THE 2ND |
New Hampshire Fisher Cats batting - Pitching for Chattanooga Lookouts : RHP Matt Springer
|
Batting: RHB Jorge Baret
|
0-0: Ball 1-0: Ball 2-0: Ball 3-0: Called Strike 3-1: Foul Ball, location: 2F 3-2: Strikes out swinging passed ball, reaches first!
|
Batting: RHB Butch Koglin
|
0-0: Ball 1-0: Ball 2-0: Swinging Strike 2-1: Ball 3-1: Base on Balls Jorge Baret to second
|
Batting: LHB Eddie Muniz
|
0-0: Fly out, F6 (Line Drive, 6, EV 71.2 MPH)
|
Batting: RHB Selam Chimsima
|
0-0: Called Strike Butch Koglin is caught stealing 2nd base 2-4 Jorge Baret advances to 3rd base 0-1: Ball 1-1: Ball 2-1: Foul Ball, location: 2F 2-2: Strikes out swinging
|
Bottom of the 2nd over - 0 runs, 0 hits, 0 errors, 1 left on base; Chattanooga 2 - New Hampshire 0 |
TOP OF THE 3RD |
Chattanooga Lookouts batting - Pitching for New Hampshire Fisher Cats : RHP Dan Korte
|
Batting: SHB Ian Thompson
|
0-0: Called Strike 0-1: Ball 1-1: Called Strike 1-2: Strikes out swinging
|
Batting: RHB Miguel Gonzalez
|
0-0: Ball 1-0: Foul Ball, location: 2F 1-1: Swinging Strike 1-2: Foul Ball, location: 2F 1-2: Ball 2-2: Foul Ball, location: 2F 2-2: Ball 3-2: DOUBLE (Flyball, 89D, EV 106.2 MPH)
|
Batting: SHB Dan Morataya
|
0-0: Called Strike Miguel Gonzalez is caught stealing 3rd base 2-5 0-1: Ground out 4-3 (Groundball, 4, EV 104.4 MPH)
|
Top of the 3rd over - 0 runs, 1 hit, 0 errors, 0 left on base; Chattanooga 2 - New Hampshire 0 |
BOTTOM OF THE 3RD |
New Hampshire Fisher Cats batting - Pitching for Chattanooga Lookouts : RHP Matt Springer
|
Batting: RHB Bryan Peterson
|
0-0: Foul Ball, location: 2F 0-1: Ball 1-1: Ball 2-1: Fly out, F6 (Popup, 6, EV 76.2 MPH)
|
Batting: RHB Bryan Mattis
|
0-0: Ground out U3 (Groundball, 34, EV 88.1 MPH)
|
Batting: RHB Frank Caulfield
|
0-0: Swinging Strike 0-1: Ball 1-1: Ball 2-1: Swinging Strike 2-2: Ground out 6-3 (Groundball, 6, EV 85.6 MPH)
|
Bottom of the 3rd over - 0 runs, 0 hits, 0 errors, 0 left on base; Chattanooga 2 - New Hampshire 0 |
TOP OF THE 4TH |
Chattanooga Lookouts batting - Pitching for New Hampshire Fisher Cats : RHP Dan Korte
|
Batting: RHB Michael McDonald
|
0-0: Called Strike 0-1: Fly out, F7 (Flyball, 7S, EV 83.8 MPH)
|
Batting: RHB Steve Raine
|
0-0: Called Strike 0-1: Ball 1-1: Foul Ball, location: 2F 1-2: SINGLE (Groundball, 6MD, EV 101.9 MPH)
|
Batting: RHB Jose Gracia
|
0-0: Called Strike 0-1: Called Strike 0-2: Foul Ball, location: 2F 0-2: Fielders Choice at 2nd, 5-4 (Groundball, 56, EV 90.6 MPH)
|
Batting: RHB Dave Berry
|
0-0: Ground out 4-3 (Groundball, 4, EV 101.9 MPH)
|
Top of the 4th over - 0 runs, 1 hit, 0 errors, 1 left on base; Chattanooga 2 - New Hampshire 0 |
BOTTOM OF THE 4TH |
New Hampshire Fisher Cats batting - Pitching for Chattanooga Lookouts : RHP Matt Springer
|
Batting: SHB Tristan Dearing
|
0-0: Called Strike 0-1: Foul Ball, location: 2F 0-2: Ball 1-2: Ball 2-2: Strikes out swinging
|
Batting: SHB Dominik Hasek II
|
0-0: Ball 1-0: Ball 2-0: Called Strike 2-1: Called Strike 2-2: Foul Ball, location: 2F 2-2: Fly out, F5 (Popup, 5, EV 76.9 MPH)
|
Batting: RHB Jorge Baret
|
0-0: Called Strike 0-1: Ball 1-1: Foul Ball, location: 2F 1-2: Ball 2-2: Strikes out swinging
|
Bottom of the 4th over - 0 runs, 0 hits, 0 errors, 0 left on base; Chattanooga 2 - New Hampshire 0 |
TOP OF THE 5TH |
Chattanooga Lookouts batting - Pitching for New Hampshire Fisher Cats : RHP Dan Korte
|
Batting: RHB Jorge Corte
|
0-0: Ball 1-0: Called Strike 1-1: Swinging Strike 1-2: Strikes out looking
|
Batting: RHB Cyril Husson
|
0-0: Called Strike 0-1: Ball 1-1: Ball 2-1: Ground out 6-3 (Groundball, 6MS, EV 86.2 MPH)
|
Batting: SHB Ian Thompson
|
0-0: Ball 1-0: Called Strike 1-1: Ball 2-1: Ball 3-1: Ground out 4-3 (Groundball, 4D, EV 85.0 MPH)
|
Top of the 5th over - 0 runs, 0 hits, 0 errors, 0 left on base; Chattanooga 2 - New Hampshire 0 |
BOTTOM OF THE 5TH |
New Hampshire Fisher Cats batting - Pitching for Chattanooga Lookouts : RHP Matt Springer
|
Batting: RHB Butch Koglin
|
0-0: Called Strike 0-1: Ball 1-1: Called Strike 1-2: Foul Ball, location: 2F 1-2: Ball 2-2: Ball 3-2: Foul Ball, location: 2F 3-2: Foul Ball, location: 2F 3-2: Base on Balls
|
Batting: LHB Eddie Muniz
|
0-0: Called Strike 0-1: Ball 1-1: Grounds out, U3 (Groundball, 3L, EV 105.0 MPH)
|
Batting: RHB Selam Chimsima
|
Balk! Butch Koglin to third 0-0: Foul Ball, location: 2F 0-1: Ball 1-1: SINGLE (Line Drive, 7S, EV 96.2 MPH) Butch Koglin scores
|
Batting: RHB Bryan Peterson
|
0-0: Ball 1-0: Swinging Strike 1-1: Ball 2-1: Ball 3-1: Base on Balls Selam Chimsima to second
|
Batting: RHB Bryan Mattis
|
0-0: Swinging Strike 0-1: Foul Ball, location: 2F 0-2: Strikes out swinging
|
Batting: RHB Frank Caulfield
|
0-0: Called Strike 0-1: Foul Ball, location: 2F 0-2: Ball 1-2: Foul Ball, location: 2F 1-2: Ball 2-2: Ball 3-2: Foul Ball, location: 2F 3-2: Ground out U3 (Groundball, 3, EV 80.0 MPH)
|
Bottom of the 5th over - 1 run, 1 hit, 0 errors, 2 left on base; Chattanooga 2 - New Hampshire 1 |
TOP OF THE 6TH |
Chattanooga Lookouts batting - Pitching for New Hampshire Fisher Cats : RHP Dan Korte
|
Batting: RHB Miguel Gonzalez
|
0-0: Called Strike 0-1: Ball 1-1: Ball 2-1: Foul Ball, location: 2F 2-2: Foul Ball, location: 2F 2-2: Fly out, F9 (Flyball, 9, EV 89.4 MPH)
|
Batting: SHB Dan Morataya
|
0-0: Ball 1-0: Ball 2-0: Ball 3-0: Base on Balls
|
Batting: RHB Michael McDonald
|
0-0: Ball 1-0: Called Strike 1-1: Swinging Strike 1-2: Fielders Choice at 2nd, 6-4 (Groundball, 6, EV 107.5 MPH)
|
Batting: RHB Steve Raine
|
0-0: Ball 1-0: Called Strike 1-1: Swinging Strike 1-2: Ball 2-2: Fly out, F9 (Flyball, 9D, EV 90.0 MPH)
|
Top of the 6th over - 0 runs, 0 hits, 0 errors, 1 left on base; Chattanooga 2 - New Hampshire 1 |
BOTTOM OF THE 6TH |
New Hampshire Fisher Cats batting - Pitching for Chattanooga Lookouts : RHP Matt Springer
|
Batting: SHB Tristan Dearing
|
0-0: Ball 1-0: Foul Ball, location: 2F 1-1: Swinging Strike 1-2: Ground out 6-3 (Groundball, 6, EV 90.6 MPH)
|
Batting: SHB Dominik Hasek II
|
0-0: Ball 1-0: Ball 2-0: Swinging Strike 2-1: Foul Ball, location: 2F 2-2: DOUBLE (Line Drive, 89D, EV 109.4 MPH)
|
Batting: RHB Jorge Baret
|
0-0: Fly out, F6 (Popup, P, EV 88.8 MPH)
|
Batting: RHB Butch Koglin
|
0-0: Ball 1-0: Ball 2-0: Ball 3-0: Called Strike 3-1: Swinging Strike 3-2: Fly out, F7 (Flyball, 7S, EV 91.2 MPH)
|
Bottom of the 6th over - 0 runs, 1 hit, 0 errors, 1 left on base; Chattanooga 2 - New Hampshire 1 |
TOP OF THE 7TH |
Chattanooga Lookouts batting - Pitching for New Hampshire Fisher Cats : RHP Dan Korte
|
Pitching: LHP Bruce Knight
|
|
Batting: RHB Jose Gracia
|
0-0: Foul Ball, location: 2F 0-1: Foul Ball, location: 2F 0-2: Ball 1-2: Ball 2-2: Ball 3-2: Strikes out looking
|
Batting: RHB Dave Berry
|
0-0: Ball 1-0: Swinging Strike 1-1: Called Strike 1-2: Ball 2-2: Ball 3-2: Strikes out swinging
|
Batting: RHB Jorge Corte
|
0-0: Ground out 6-3 (Groundball, 6, EV 89.4 MPH)
|
Top of the 7th over - 0 runs, 0 hits, 0 errors, 0 left on base; Chattanooga 2 - New Hampshire 1 |
BOTTOM OF THE 7TH |
New Hampshire Fisher Cats batting - Pitching for Chattanooga Lookouts : RHP Matt Springer
|
Pitching: LHP Antoine Champagne
|
|
Batting: LHB Eddie Muniz
|
0-0: Ball 1-0: Ball 2-0: Ground out 3-1 (Groundball, 34, EV 84.4 MPH)
|
Batting: RHB Selam Chimsima
|
0-0: Ball 1-0: Foul Ball, location: 2F 1-1: Ball 2-1: Ball 3-1: Swinging Strike 3-2: Strikes out looking
|
Batting: RHB Bryan Peterson
|
0-0: Foul Ball, location: 2F 0-1: Ball 1-1: Swinging Strike 1-2: SINGLE (Groundball, 4D, EV 100.0 MPH)
|
Batting: RHB Bryan Mattis
|
0-0: Foul Ball, location: 2F 0-1: Called Strike 0-2: Foul Ball, location: 2F 0-2: Ball 1-2: Ball 2-2: Foul Ball, location: 2F 2-2: Ground out 5-3 (Groundball, 56S, EV 86.2 MPH)
|
Bottom of the 7th over - 0 runs, 1 hit, 0 errors, 1 left on base; Chattanooga 2 - New Hampshire 1 |
TOP OF THE 8TH |
Chattanooga Lookouts batting - Pitching for New Hampshire Fisher Cats : LHP Bruce Knight
|
Pitching: RHP Andres de Leon
|
|
Batting: RHB Cyril Husson
|
0-0: Foul Ball, location: 2F 0-1: Swinging Strike 0-2: Ball 1-2: Ball 2-2: Ball 3-2: Strikes out swinging
|
Batting: SHB Ian Thompson
|
0-0: Ball 1-0: Ball 2-0: Ball 3-0: Foul Ball, location: 2F 3-1: Base on Balls
|
Batting: RHB Miguel Gonzalez
|
0-0: Ball Wild Pitch! Ian Thompson to second 1-0: Foul Ball, location: 2F 1-1: Foul Ball, location: 2F 1-2: Ball 2-2: Ball 3-2: Strikes out looking
|
Batting: SHB Dan Morataya
|
0-0: Called Strike 0-1: Foul Ball, location: 2F 0-2: Foul Ball, location: 2F 0-2: Strikes out swinging
|
Top of the 8th over - 0 runs, 0 hits, 0 errors, 1 left on base; Chattanooga 2 - New Hampshire 1 |
BOTTOM OF THE 8TH |
New Hampshire Fisher Cats batting - Pitching for Chattanooga Lookouts : LHP Antoine Champagne
|
Pitching: LHP Kazuo Nishihara
|
|
Batting: RHB Frank Caulfield
|
0-0: Swinging Strike 0-1: Ball 1-1: Ball 2-1: Foul Ball, location: 2F 2-2: Ball 3-2: Foul Ball, location: 2F 3-2: Foul Ball, location: 2F 3-2: Ground out 4-3 (Groundball, 4, EV 89.4 MPH)
|
Batting: SHB Tristan Dearing
|
0-0: SINGLE (Groundball, 5S, EV 73.1 MPH) (infield hit)
|
Batting: SHB Dominik Hasek II
|
0-0: Ball Tristan Dearing is caught stealing 2nd base 2-4 1-0: Ball 2-0: SINGLE (Groundball, 56, EV 100.6 MPH) (infield hit)
|
Batting: RHB Jorge Baret
|
0-0: Ground out 6-3 (Groundball, 56S, EV 86.9 MPH)
|
Bottom of the 8th over - 0 runs, 2 hits, 0 errors, 1 left on base; Chattanooga 2 - New Hampshire 1 |
TOP OF THE 9TH |
Chattanooga Lookouts batting - Pitching for New Hampshire Fisher Cats : RHP Andres de Leon
|
Batting: RHB Michael McDonald
|
0-0: Called Strike 0-1: SINGLE (Line Drive, 34D, EV 96.2 MPH)
|
Batting: RHB Steve Raine
|
0-0: Bunt - Flyout to 25! F5
|
Pinch Hitting: LHB Chris Munguia
|
0-0: Fly out, F9 (Flyball, 9LSF, EV 73.1 MPH)
|
Pinch Hitting: RHB Matt Dunn
|
0-0: Called Strike 0-1: Foul Ball, location: 2F 0-2: Ball 1-2: Foul Ball, location: 2F 1-2: Ground out U3 (Groundball, 3, EV 100.6 MPH)
|
Top of the 9th over - 0 runs, 1 hit, 0 errors, 1 left on base; Chattanooga 2 - New Hampshire 1 |
BOTTOM OF THE 9TH |
New Hampshire Fisher Cats batting - Pitching for Chattanooga Lookouts : LHP Kazuo Nishihara
|
Pitching: LHP Adam Wood
|
|
Now at SS: Matt Dunn
|
|
Now in RF: Chris Munguia
|
|
Batting: RHB Butch Koglin
|
0-0: Called Strike 0-1: Swinging Strike 0-2: Strikes out looking
|
Batting: LHB Eddie Muniz
|
0-0: Fly out, F9 (Flyball, 9LM, EV 89.4 MPH)
|
Batting: RHB Selam Chimsima
|
0-0: Swinging Strike 0-1: Called Strike 0-2: Foul Ball, location: 2F 0-2: Strikes out swinging
|
Bottom of the 9th over - 0 runs, 0 hits, 0 errors, 0 left on base; Chattanooga 2 - New Hampshire 1 |
|